 Dungeon Crawl Stone Soup version 0.24-a0-429-g4608c8fa30 (webtiles) character file.

Game seed: 17349862612053119555

7 Ijustatesigmund the Shield-Bearer (level 2, 0/21 HPs)
             Began as an Octopode Fighter on June 13, 2019.
             Slain by a gnoll
             ... wielding a +0 spear
              (5 damage)
             ... on level 1 of the Dungeon.
             The game lasted 00:00:15 (34 turns).

Ijustatesigmund the Shield-Bearer (Octopode Fighter)  Turns: 34, Time: 00:00:15

Health: 0/21       AC:  1    Str: 15    XL:     2   Next: 4%
Magic:  2/2        EV: 11    Int: 10    God:
Gold:   0          SH:  8    Dex: 11    Spells: 1/1 levels left

rFire    . . .     SeeInvis .   a - +0 flail
rCold    . . .     Gourm    .   b - +0 shield
rNeg     . . .     Faith    .   (helmet restricted)
rPois    .         Spirit   .   (no amulet)
rElec    .         Reflect  .   (no ring)
rCorr    .         Harm     .   (no ring)
MR       .....                  (no ring)
Stlth    ++........             (no ring)
HPRegen  0.07/turn              (no ring)
MPRegen  0.08/turn              (no ring)
                                (no ring)
                                (no ring)

@: no status effects
A: almost no armour, stealthy swim, amphibious, 8 rings, constrict 8, camouflage
1, gelatinous body 1
a: no special abilities


You were on level 1 of the Dungeon.
You were not hungry.

You visited 1 branch of the dungeon, and saw 1 of its levels.

Inventory:

Hand Weapons
 a - a +0 flail (weapon)
Armour
 b - a +0 shield (worn)
Scrolls
 e - a scroll of identify {unknown}
Potions
 c - a potion of might
Comestibles
 d - a ration


   Skills:
 - Level 3.0 Fighting
 + Level 2.7 Maces & Flails
 - Level 3.0 Dodging
 - Level 3.0 Shields


You had one spell level left.
You didn't know any spells.
Your spell library was empty.

Dungeon Overview and Level Annotations

Branches:
Dungeon (1/15)

Altars:


Innate Abilities, Weirdness & Mutations

You cannot wear most types of armour.
You are very stealthy in the water. (Stealth+)
You are amphibious.
You can wear up to eight rings at the same time.
You can use your tentacles to constrict eight enemies at once.
Your skin changes colour to match your surroundings (Stealth+).
Your rubbery body absorbs attacks. (AC +1, EV +1)


Message History

You hit the goblin.
You kill the goblin!
You have reached level 2!
The gnoll hits you from afar with a +0 spear.
The gnoll hits you with a +0 spear!
* * * LOW HITPOINT WARNING * * *
You see here a cursed -3 club.
You are too injured to fight recklessly!
You are too injured to fight recklessly!
You closely miss the gnoll. Your grab misses the gnoll.
You block the gnoll's attack.
You closely miss the gnoll. You grab the gnoll. You squeeze the gnoll.
The gnoll is moderately wounded.
You constrict the gnoll, but do no damage.
The gnoll completely misses you.
You hit the gnoll.
The gnoll is severely wounded.
You constrict the gnoll. You block the gnoll's attack.
The gnoll hits you with a +0 spear.
You die...

.....................
# #............)).....
.(#..........[.......#
##................##.#
#..#.......###...## .#
#.#......$## ###..# #
#...)..#### ##...
##..#..## #...
#...@..# .##
#......g..#
..##..#...... .
#...........
...#.........
..............
.....##........ ....
#........


You could see a gnoll.

Vanquished Creatures
  A leopard gecko (D:1)
  4 goblins (D:1)
5 creatures vanquished.

Notes
Turn   | Place    | Note
-------+----------+-------------------------------------------
     0 | D:1      | Ijustatesigmund the Octopode Fighter began the quest for
                  | the Orb.
     0 | D:1      | Reached XP level 1. HP: 16/16 MP: 1/1
    30 | D:1      | Reached XP level 2. HP: 17/21 MP: 2/2
    34 | D:1      | Slain by a gnoll

Levels and vault maps discovered:
D:1:      minmay_arrival_three_doors, layout_rooms, kennysheep_doodads

Action                   || total
-------------------------++-------
Melee: Flail             ||    11
       Constrict         ||     5
       Tentacles         ||     2
Armor: Skin              ||     1
Dodge: Dodged            ||     5
Block: Shield            ||     4

Table legend:
 A = Non-vault XP
 B = Vault XP
 C = Vault XP percentage of total XP
 D = Non-vault monster count
 E = Vault monster count
 F = Vault count percentage of total count
                 A         B        C        D         E       F
            +---------+---------+-------+---------+---------+-------
      Total |      11 |       0 |   0.0 |       5 |       0 |   0.0
            +---------+---------+-------+---------+---------+-------
        D:1 |      11 |       0 |   0.0 |       5 |       0 |   0.0
            +---------+---------+-------+---------+---------+-------
